 Dungeon Crawl Stone Soup version 0.24.0-1-gfbc8707 (webtiles) character file.

Game seed: 13104292769817842892, levelgen mode: deterministic

10455 Fang the Fighter (level 11, -10/111 HPs)
             Began as a Gargoyle Berserker on Oct 28, 2019.
             Was a High Priest of Trog.
             Mangled by a tengu reaver
             ... wielding a +2 great sword of distortion
              (12 damage)
             ... on level 11 of the Dungeon.
             The game lasted 00:10:10 (9057 turns).

Fang the Fighter (Gargoyle Berserker)               Turns: 9057, Time: 00:10:11

Health: -10/111    AC: 31    Str: 29    XL:     11   Next: 62%
Magic:  2/2        EV: 11    Int:  8    God:    Trog [*****.]
Gold:   688        SH:  0    Dex:  9    Spells: 10/10 levels left

rFire    . . .     SeeInvis +   a - +3 battleaxe
rCold    + + +     Gourm    .   (shield currently unavailable)
rNeg     + . .     Faith    .   b - +6 plate armour
rPois    ∞         Spirit   .   (no helmet)
rElec    +         Reflect  .   (no cloak)
rCorr    .         Harm     .   y - +2 pair of gloves {archery}
MR       .....     NoTele   +   (no boots)
Stlth    ..........             (no amulet)
HPRegen  0.28/turn              f - +1 ring of evasion
MPRegen  0.08/turn              D - ring "Byavvur Tood" {-Tele rC+++ MP-9 SInv}

@: berserking, very quick
A: negative energy resistance 1, electricity resistance, unbreathing,
petrification resistance, rot immunity, AC +8
a: Berserk, Trog's Hand, Brothers in Arms, Renounce Religion


You were on level 11 of the Dungeon.
You worshipped Trog.
Trog was extremely pleased with you.
You were very hungry.

You visited 3 branches of the dungeon, and saw 13 of its levels.

You collected 688 gold pieces.

Inventory:

Hand Weapons
 a - a +3 battleaxe (weapon)
Armour
 b - a +6 plate armour (worn)
 y - a +2 pair of gloves of archery (worn)
Jewellery
 f - a +1 ring of evasion (left hand)
 k - a +6 ring of dexterity
 p - an uncursed ring of protection from magic
 q - the ring "Ydowean" {Wiz -Tele rElec rF+ Stlth+}
   (You found it on level 6 of the Dungeon)

   [ring of wizardry]

   It improves your spell success rate.
   It protects you from fire.
   It insulates you from electricity.
   It prevents most forms of teleportation.
   It makes you more stealthy.
 D - the ring "Byavvur Tood" (right hand) {-Tele rC+++ MP-9 SInv}
   (You found it on level 8 of the Dungeon)

   [ring of see invisible]

   It renders you almost immune to cold.
   It affects your magic capacity (-9).
   It lets you see invisible.
   It prevents most forms of teleportation.
Wands
 o - a wand of iceblast (6)
 r - a wand of enslavement (9)
 s - a wand of acid (9)
 t - a wand of flame (49)
 x - a wand of clouds (5)
 C - a wand of random effects (17)
Scrolls
 g - 4 scrolls of teleportation
 h - 6 scrolls of remove curse
 m - a scroll of magic mapping
 v - a scroll of acquirement {unknown}
 B - 4 scrolls of identify
 E - 2 scrolls of enchant weapon
 F - a scroll of summoning {unknown}
 G - 2 scrolls of fear {unknown}
Potions
 d - 3 potions of haste
 e - 3 potions of agility {unknown}
 i - 3 potions of lignification
 j - 2 potions of flight {unknown}
 l - 3 potions of might
 n - a potion of resistance
 u - a potion of ambrosia {unknown}
 w - a potion of heal wounds {unknown}
 z - a potion of curing {unknown}
 A - 2 potions of brilliance {unknown}
Comestibles
 c - 18 rations
 H - a chunk of flesh


   Skills:
 * Level 11.1 Fighting
 * Level 9.4 Axes
 + Level 9.3 Armour
 + Level 7.0 Dodging


You had 10 spell levels left.
You didn't know any spells.
Your spell library was empty.

Dungeon Overview and Level Annotations

Branches:
Dungeon (11/15)            Temple (1/1) D:4            Lair (0/6) D:11
    Orc (1/2) D:9

Altars:
Ashenzari
Cheibriados
Dithmenos
Elyvilon
Fedhas
Gozag
Hepliaklqana
Kikubaaqudgha
Makhleb
Okawaru
Sif Muna
Trog
Uskayaw
Wu Jian
Zin

Shops:
D:4 *   D:11 *


Innate Abilities, Weirdness & Mutations

You are resistant to torment.
Your stone body is resilient. (AC +8)
You are immune to poison.
You resist negative energy. (rN+)
You are resistant to electric shocks. (rElec)
You can survive without breathing.
You are immune to petrification.
You are immune to rotting.


Message History

The tengu reaver pecks you but does no damage.
The tengu reaver closely misses you.
You barely miss the tengu reaver.
The tengu reaver is heavily wounded.
The tengu reaver hits you with a +2 great sword of distortion!
* * * LOW HITPOINT WARNING * * *
You feel a strange sense of stasis. The tengu reaver pecks you.
* * * LOW HITPOINT WARNING * * *
The tengu reaver claws you but does no damage.
You slash the tengu reaver!
The tengu reaver is severely wounded.
You closely miss the tengu reaver.
The tengu reaver is severely wounded.
The tengu reaver mumbles some strange words.
The tengu reaver conjures a globe of magical energy!
A battlesphere comes into view.
Your plate armour prevents you from hitting the tengu reaver.
The tengu reaver is severely wounded.
The tengu reaver hits you with a +2 great sword of distortion!
You die...

##.###.# .#.>...###.....# .# .#
##.......#.....### .# #.#
###.###....#.#........ ## #.#
##*TH# #....#.#....#### #.# #Q#
#....# #........ #.# #.#
####....# #.#..###> #.#
#.####*##....# #.#..# #. #.#
##..÷.#Q#....# #.#..# #.
######.#########@.....#.#.#..# #.
............#...........#.#..# #.
######.####.#.####....###.#..####
....<..# #.# .........#......
^......# #÷# ##########.#....
######.# #.# ........#.#.### #.#
#.# ####.#.....#.... ####.## #.#
........######## #.....# #.#
####.#..........


You could see a tengu reaver and a battlesphere.

Vanquished Creatures
  2 two-headed ogres (D:10)
  The ghost of Vomitron the Skirmisher, a novice HuAr of Elyvilon (D:8)
  An unseen horror (D:10)
  Pikel (D:4)
  Joseph (D:7)
  A gargoyle (D:11)
  An efreet (D:8)
  A komodo dragon (D:11)
  A troll (D:10)
  2 hornets (D:11)
  The ghost of RighteousDevil the Cleaver, an amateur HOFi (D:3)
  Grinder (D:3)
  A hippogriff (D:8)
  Sigmund (D:3)
  3 yaks (D:10)
  A wyvern (D:11)
  A hungry ghost (D:9)
  2 soldier ants (D:11)
  Duvessa (D:4)
  2 orc warriors
  An eye of draining (D:10)
  4 ogres
  2 sky beasts
  2 black bears
  4 slaves (D:4)
  6 centaurs
  A big kobold (D:9)
  A crocodile (D:9)
  6 bullfrogs
  A gnoll sergeant (D:10)
  A wyvern zombie (D:10)
  Dowan (D:4)
  3 killer bees (D:7)
  A scorpion (D:9)
  3 wights (D:8)
  2 howler monkeys
  10 crimson imps
  A bullfrog skeleton (D:4)
  A jelly (D:8)
  5 hounds
  4 orc priests
  6 orc wizards
  Jessica (D:3)
  4 iguanas
  10 worker ants
  2 hound zombies (D:10)
  A hound skeleton (D:10)
  A worker ant zombie (D:11)
  11 gnolls
  8 adders
  2 shadow imps
  An ooze (D:2)
  An adder zombie (D:6)
  An adder skeleton (D:7)
  5 worms
  5 dart slugs
  3 leopard geckos
  37 orcs
  2 ball pythons
  12 bats
  5 giant cockroaches
  7 goblins
  9 hobgoblins
  9 jackals
  3 frilled lizards
  A jackal zombie (D:8)
  16 kobolds
  A quokka skeleton (D:6)
  A quokka zombie (D:6)
  11 rats
  2 plants (D:11)
264 creatures vanquished.

Vanquished Creatures (collateral kills)
  A death knight (D:4)
1 creature vanquished.

Grand Total: 265 creatures vanquished

Notes
Turn   | Place    | Note
-------+----------+-------------------------------------------
     0 | D:1      | Fang the Gargoyle Berserker began the quest for the Orb.
     0 | D:1      | Reached XP level 1. HP: 14/14 MP: 1/1
   359 | D:1      | Reached XP level 2. HP: 19/19 MP: 2/2
   616 | D:2      | Found a burning altar of Makhleb.
   654 | D:2      | Reached XP level 3. HP: 21/23 MP: 3/3
   936 | D:2      | Reached ** piety under Trog
  1006 | D:2      | Reached XP level 4. HP: 28/29 MP: 4/4
  1058 | D:2      | Reached skill level 4 in Fighting
  1254 | D:3      | Found a blossoming altar of Fedhas.
  1275 | D:3      | Noticed an ogre
  1288 | D:3      | Killed an ogre
  1288 | D:3      | Reached XP level 5. HP: 28/34 MP: 5/5
  1325 | D:3      | Found a runed translucent gate.
  1340 | D:3      | Found a runed translucent gate.
  1340 | D:3      | Noticed RighteousDevil's ghost (amateur HOFi)
  1360 | D:3      | Found a runed translucent gate.
  1513 | D:3      | Found a hazy altar of Hepliaklqana.
  1567 | D:3      | Noticed Jessica
  1574 | D:3      | Noticed Sigmund
  1577 | D:3      | Reached XP level 6. HP: 29/39 MP: 6/6
  1584 | D:3      | Killed Jessica
  1584 | D:3      | Reached *** piety under Trog
  1594 | D:3      | Killed Sigmund
  1594 | D:3      | Reached skill level 5 in Fighting
  1594 | D:3      | Reached XP level 7. HP: 10/44 MP: 7/7
  1818 | D:3      | Noticed Grinder
  1824 | D:3      | Paralysed by Grinder for 6 turns
  1832 | D:3      | Paralysed by Grinder for 2 turns
  1840 | D:3      | Paralysed by Grinder for 6 turns
  1864 | D:3      | Killed Grinder
  2008 | D:3      | Found a snail-covered altar of Cheibriados.
  2114 | D:3      | Reached skill level 5 in Armour
  2115 | D:3      | Killed RighteousDevil's ghost
  2115 | D:3      | Reached skill level 6 in Fighting
  2115 | D:3      | Reached XP level 8. HP: 51/51 MP: 8/8
  2270 | D:4      | Found a shattered altar of Ashenzari.
  2297 | D:4      | Noticed Pikel
  2316 | D:4      | Killed Pikel
  2316 | D:4      | Reached skill level 5 in Axes
  2380 | D:4      | Reached **** piety under Trog
  2398 | D:4      | Found a hide-covered altar of Uskayaw.
  2421 | D:4      | Found a staircase to the Ecumenical Temple.
  2440 | Temple   | Entered the Ecumenical Temple
  2635 | D:4      | Found Jungoc's Assorted Antiques.
  2710 | D:4      | Found an ornate altar of the Wu Jian Council.
  2712 | D:4      | Noticed a death knight
  2747 | D:4      | Found a transporter.
  2766 | D:4      | Found a transporter.
  2789 | D:4      | Noticed Dowan
  2789 | D:4      | Noticed Duvessa
  2797 | D:4      | Killed Duvessa
  2797 | D:4      | Reached skill level 7 in Fighting
  2797 | D:4      | Reached XP level 9. HP: 57/57 MP: 9/9
  2805 | D:4      | Killed Dowan
  2907 | D:4      | Reached skill level 5 in Dodging
  3103 | D:4      | Found a shimmering blue altar of Sif Muna.
  3220 | D:4      | Killed a death knight
  3410 | D:5      | Entered Level 5 of the Dungeon
  4262 | D:6      | Reached skill level 8 in Fighting
  4285 | D:6      | Found a bloodstained altar of Trog.
  4605 | D:6      | Got a crude silver ring
  4614 | D:6      | Identified the ring "Ydowean" {Wiz -Tele rElec rF+ Stlth+}
                  | (You found it on level 6 of the Dungeon)
  4764 | D:7      | Noticed Joseph
  4772 | D:7      | Reached XP level 10. HP: 46/65 MP: 10/10
  4777 | D:7      | Killed Joseph
  5040 | D:7      | Reached ***** piety under Trog
  5046 | D:7      | Reached skill level 9 in Fighting
  5663 | D:8      | Found an opulent altar of Gozag.
  5852 | D:8      | Found a runed translucent door.
  5853 | D:8      | Noticed a moth of wrath
  5858 | D:8      | Noticed Vomitron's ghost (novice HuAr)
  6031 | D:8      | Killed Vomitron's ghost
  6039 | D:8      | Got a transparent turquoise ring
  6204 | D:8      | Found a bloodstained altar of Trog.
  6248 | D:9      | Identified the ring "Byavvur Tood" {-Tele rC+++ MP-9 SInv}
                  | (You found it on level 8 of the Dungeon)
  6273 | D:9      | Found a staircase to the Orcish Mines.
  6445 | D:9      | Found a glowing silver altar of Zin.
  6586 | D:9      | Found a white marble altar of Elyvilon.
  6587 | D:9      | Found an ancient bone altar of Kikubaaqudgha.
  6588 | D:9      | Found a shadowy altar of Dithmenos.
  6772 | D:9      | Found an iron altar of Okawaru.
  7145 | Orc:1    | Entered Level 1 of the Orcish Mines
  7157 | D:10     | Entered Level 10 of the Dungeon
  7171 | D:10     | Noticed an unseen horror
  7180 | D:10     | Killed an unseen horror
  7180 | D:10     | Reached skill level 10 in Fighting
  7183 | D:10     | Noticed a two-headed ogre
  7188 | D:10     | Reached XP level 11. HP: 60/72 MP: 2/11
  7191 | D:10     | Killed a two-headed ogre
  7886 | D:10     | Noticed a two-headed ogre
  7891 | D:10     | Killed a two-headed ogre
  8317 | D:11     | Reached skill level 11 in Fighting
  8400 | D:11     | Found a white marble altar of Elyvilon.
  8460 | D:11     | Found a staircase to the Lair.
  8835 | D:11     | Found Ostranne's General Store.
  8963 | D:11     | Noticed a sphinx
  8963 | D:11     | Paralysed by a sphinx for 3 turns
  8963 | D:11     | Noticed a tengu reaver
  9054 | D:11     | HP: 2/111 [tengu reaver/+2 great sword of distortion (16)]
  9057 | D:11     | Mangled by a tengu reaver

Levels and vault maps discovered:
D:1:      dpeg_arrival_rooms_a, layout_loops_cross, minmay_misc_feat_plants,
          serial_bayou_pond_e
D:2:      layout_rooms, lemuel_crystal_altar, first_ration
D:3:      layout_rooms, kennysheep_slug_shrine, lemuel_crystal_altar,
          fedhas_altar_2, gammafunk_ghost_split, uniq_jessica, uniq_sigmund,
          uniq_grinder
D:4:      layout_gridville, led_sif_pool, nicolae_ashenzari_panopticon,
          gammafunk_temple_overflow_arena, kennysheep_mini,
          minmay_temple_entry_mini_moons, serial_shops, nicolae_shop_trees,
          uniq_duvessa, uniq_pikel
D:5:      layout_basic, zaba_anthole
D:6:      layout_rooms, overflow_temple_1_default, minmay_door_square
D:7:      layout_gridville, uniq_joseph
D:8:      layout_cave_pools, nicolae_gozag_seed_capital,
          ebering_ghost_inner_flame, tgw_trog
D:9:      layout_basic, nicolae_overflow_hidden_temple, zin_treasury,
          gammafunk_temple_overflow_claw, orc_0_dummy
D:10:     kennysheep_spiral_hall, layout_layer_cave
D:11:     minmay_mutant_horseshoe, layout_basic, david_lair_shrubbed,
          serial_shops, shop, hangedman_pestilent_swarm, elyvilon_altar_3
Temple:   corrupted_temple
Orc:1:    layout_caves, uniq_erolcha

Skill      XL: |  1  2  3  4  5  6  7  8  9 10 11 |
---------------+----------------------------------+-----
Axes           | 3 4 5 7 8 9 |  9.4
Dodging        | 2 3 4 5 6 7 |  7.0
Armour         | 3 4 5 6 7 8 9 |  9.3
Fighting       | 4 5 6 7 8 10 11 | 11.1

Action                   |  1- 3 |  4- 6 |  7- 9 | 10-12 || total
-------------------------+-------+-------+-------+-------++-------
Melee: Hand axe          |   129 |    98 |   239 |       ||   466
       Battleaxe         |       |       |   119 |   362 ||   481
Invok: Berserk           |     1 |     2 |     6 |     5 ||    14
       Trog's Hand       |       |       |     1 |     1 ||     2
       Brothers in Arms  |       |       |     1 |     2 ||     3
  Use: Scroll            |       |       |    13 |     6 ||    19
  Eat: Chunk             |     2 |     3 |    17 |    16 ||    38
       Ration            |       |       |       |     2 ||     2
Armor: Plate armour      |   111 |   130 |   307 |   309 ||   857
       Skin              |     1 |       |       |       ||     1
Dodge: Dodged            |    62 |    57 |   183 |   247 ||   549
